 Dungeon Crawl Stone Soup version 0.23.2-30-g0e89c35649 (webtiles) character file.

Game seed: 3396506564831598754

1476 Revguard the Chopper (level 9, -10/67 HPs)
             Began as a Formicid Fighter on June 13, 2019.
             Was an Initiate of Yredelemnul.
             Mangled by Prince Ribbit (15 damage)
             ... on level 5 of the Dungeon.
             The game lasted 00:15:31 (4362 turns).

Revguard the Chopper (Formicid Fighter)             Turns: 4362, Time: 00:15:31

Health: -10/67     AC: 10    Str: 20    XL:     9   Next: 6%
Magic:  11/11      EV:  7    Int:  9    God:    Yredelemnul [......]
Gold:   145        SH: 10    Dex: 13    Spells: 8/8 levels left

rFire    . . .     SeeInvis +   a - +6 war axe "Ulaagan" {chop, rPois rN++ Stlth-}
rCold    . . .     Gourm    .   c - +0 shield
rNeg     + + .     Faith    .   n - +0 chain mail
rPois    +         Spirit   .   (helmet unavailable)
rElec    .         Reflect  .   (no cloak)
rCorr    .         Harm     .   (no gloves)
MR       .....                  (no boots)
Stlth    ..........             (no amulet)
HPRegen  0.21/turn              p - ring of poison resistance
MPRegen  0.12/turn              (no ring)

@: no status effects
A: permanent stasis, dig shafts and tunnels, four strong arms, antennae 3
a: Dig, Shaft Self, Renounce Religion


You were on level 5 of the Dungeon.
You worshipped Yredelemnul.
Yredelemnul was noncommittal.
You were not hungry.

You visited 2 branches of the dungeon, and saw 6 of its levels.

You collected 145 gold pieces.

Inventory:

Hand Weapons
 a - the +6 war axe "Ulaagan" (weapon) {chop, rPois rN++ Stlth-}
   (You found it on level 4 of the Dungeon)

   It inflicts extra damage upon your enemies.
   It protects you from poison.
   It greatly protects you from negative energy.
   It makes you less stealthy.
 o - a +2 war axe of flaming
 t - a +3 scythe of holy wrath
Armour
 c - a +0 shield (worn)
 n - a +0 chain mail (worn)
Jewellery
 p - a ring of poison resistance (left hand)
Wands
 r - a wand of enslavement (11)
Scrolls
 e - a scroll of enchant armour {unknown}
 g - 5 scrolls of identify {unknown}
 i - a scroll of remove curse {unknown}
 k - a scroll of amnesia {unknown}
 l - 2 scrolls of fear {unknown}
 m - a scroll of blinking {unknown}
Potions
 d - 2 potions of might
 h - a potion of curing
 j - a potion of resistance
 q - a potion of flight
Comestibles
 f - 8 rations


   Skills:
 + Level 4.9 Fighting
 + Level 6.9 Axes
 + Level 5.7 Armour
 + Level 1.7 Dodging
 + Level 6.3 Shields
 * Level 3.7 Evocations


You had 8 spell levels left.
You didn't know any spells.
Your spell library was empty.

Dungeon Overview and Level Annotations

Branches:
Dungeon (5/15)             Temple (1/1) D:4

Altars:
Ashenzari
Dithmenos
Elyvilon
Hepliaklqana
Kikubaaqudgha
Nemelex Xobeh
Okawaru
Sif Muna
Trog
Uskayaw
Xom
Yredelemnul
Zin

Annotations:
D:5 Prince Ribbit


Innate Abilities, Weirdness & Mutations

You cannot be hasted, slowed, berserked, paralysed or teleported.
You can dig through walls and to a lower floor.
Your four strong arms can wield two-handed weapons with a shield.
You have a pair of large antennae on your head. (SInv)


Message History

Prince Ribbit blinks!
You feel better.
Evoke which item? (* to show all) (? for menu, Esc to quit)
Aiming: Enslavement
Press: ? - help, Shift-Dir - straight line, f - Prince Ribbit
Aim: Prince Ribbit (lightly wounded, chance to defeat MR: 39%) Prince Ribbit resists with some effort.
You miss Prince Ribbit.
Prince Ribbit is lightly wounded.
You block Prince Ribbit's attack. Prince Ribbit hits you!
* * * LOW HITPOINT WARNING * * *
You barely miss Prince Ribbit.
Prince Ribbit is lightly wounded.
You block Prince Ribbit's attack.
Prince Ribbit croaks regally.
Prince Ribbit hits you.
* * * LOW HITPOINT WARNING * * *
Prince Ribbit hits you!
You die...
Your body rises from the dead as a mindless zombie.

#.## #..# #..#
#..# #..#
######..#
#....$..#
#.....F.# #
.......@######(##
.........))†.†..#
#.......<#####..#
#........# .#
.<........ ..
##.#....... ..
.....##...## .#
#.### #...# #
.....


You could see Prince Ribbit.

Vanquished Creatures
  Sigmund (D:4)
  Menkaure (D:5)
  A sky beast (D:5)
  A phantom (D:5)
  A necrophage (D:5)
  A gnoll sergeant (D:5)
  2 scorpions (D:4)
  A centaur zombie (D:4)
  3 orc priests
  2 hounds
  5 orc wizards
  Natasha (thrice) (D:4)
  An iguana (D:5)
  2 worker ants
  11 gnolls
  7 adders
  An ooze (D:3)
  An adder zombie (D:5)
  A worm (D:3)
  2 dart slugs
  A leopard gecko (D:4)
  21 orcs
  2 ball pythons
  3 giant cockroaches
  10 hobgoblins
  6 jackals
  9 kobolds
  5 quokkas
  A ball python skeleton (D:4)
  6 bats
  4 frilled lizards
  12 goblins
  A leopard gecko skeleton (D:4)
  8 rats
137 creatures vanquished.

Vanquished Creatures (others)
  4 toadstools (D:1)
4 creatures vanquished.

Grand Total: 141 creatures vanquished

Notes
Turn   | Place    | Note
-------+----------+-------------------------------------------
     0 | D:1      | Revguard the Formicid Fighter began the quest for the Orb.
     0 | D:1      | Reached XP level 1. HP: 18/18 MP: 1/1
   167 | D:1      | Reached XP level 2. HP: 24/24 MP: 2/2
   282 | D:1      | Reached XP level 3. HP: 21/29 MP: 3/3
   912 | D:2      | Reached XP level 4. HP: 27/35 MP: 4/4
  1391 | D:2      | Found a white marble altar of Elyvilon.
  1647 | D:3      | Reached XP level 5. HP: 14/41 MP: 5/5
  1922 | D:3      | Reached XP level 6. HP: 28/48 MP: 6/6
  2030 | D:3      | Reached skill level 1 in Dodging
  2221 | D:3      | Reached skill level 5 in Shields
  2592 | D:4      | Reached XP level 7. HP: 30/53 MP: 7/7
  2869 | D:4      | Reached skill level 1 in Evocations
  3075 | D:4      | Found a shadowy altar of Dithmenos.
  3107 | D:4      | Reached skill level 5 in Axes
  3362 | D:4      | Found a shattered altar of Ashenzari.
  3377 | D:4      | Noticed Sigmund
  3385 | D:4      | Killed Sigmund
  3385 | D:4      | Reached XP level 8. HP: 26/60 MP: 9/9
  3905 | D:4      | Got a crude war axe
  3906 | D:4      | Identified the +6 war axe "Ulaagan" {chop, rPois rN++
                  | Stlth-} (You found it on level 4 of the Dungeon)
  4008 | D:4      | Found a deep blue altar of Sif Muna.
  4017 | D:4      | Noticed Natasha
  4018 | D:4      | Killed Natasha
  4044 | D:4      | Found a staircase to the Ecumenical Temple.
  4058 | D:4      | Noticed Natasha
  4061 | D:4      | Killed Natasha
  4061 | D:4      | Reached skill level 5 in Armour
  4165 | Temple   | Entered the Ecumenical Temple
  4185 | Temple   | Became a worshipper of Yredelemnul the Dark
  4206 | D:4      | Noticed Natasha
  4211 | D:4      | Killed Natasha
  4263 | D:5      | Entered Level 5 of the Dungeon
  4284 | D:5      | Noticed Prince Ribbit
  4303 | D:5      | Noticed Menkaure
  4307 | D:5      | Killed Menkaure
  4317 | D:5      | Reached XP level 9. HP: 24/66 MP: 11/11
  4362 | D:5      | Mangled by Prince Ribbit

Skill      XL: |  1  2  3  4  5  6  7  8 |
---------------+-------------------------+-----
Shields        | 4 5 6 |  6.3
Axes           | 3 4 5 6 |  6.9
Armour         | 4 5 |  5.7
Dodging        | 1 |  1.7
Fighting       | 4 |  4.9
Evocations     | 2 3 |  3.7

Action                   |  1- 3 |  4- 6 |  7- 9 || total
-------------------------+-------+-------+-------++-------
Melee: War axe           |   111 |   191 |   166 ||   468
Evoke: Wand              |       |       |     1 ||     1
  Use: Potion            |       |     7 |     2 ||     9
  Eat: Chunk             |       |     6 |     6 ||    12
Armor: Scale mail        |    33 |       |       ||    33
       Chain mail        |    17 |   134 |    65 ||   216
       Skin              |       |       |     1 ||     1
Dodge: Dodged            |    31 |    59 |    37 ||   127
Block: Shield            |    57 |   145 |    99 ||   301
